Predators vs Rangers
Created - March 15, 2019 at 19:05
Goals
|
| Predators |
4 |
2 |
0 |
6 |
| Rangers |
0 |
1 |
2 |
3 |
|
Shots
|
| Predators |
13 |
13 |
5 |
31 |
| Rangers |
11 |
12 |
13 |
36 |
|
1st period
1. Predators , Ryan Kesler 26 (Niclas Bergfors 26, Alexander Ovechkin 39) at 10:11
2. Predators , Niclas Bergfors 28 (Alexander Ovechkin 40, Ryan Kesler 26) at 14:53
3. Predators , Byron Bitz 8 (James Van Riemsdyk 10, Mikael Granlund 37) at 17:56
4. Predators , Mikael Granlund 19 (Byron Bitz 9, Andy Miele 7) at 19:45
Penalties :
Ryan Kesler (Nas) for Holding (Minor) at 12:41
2nd period
5. Predators , Alexander Ovechkin 17 (John Moore 15, Niclas Bergfors 27) at 7:08
6. Predators , Ryan Mcdonagh 4 (James Van Riemsdyk 11, Byron Bitz 10) at 9:26 (PP)
7. Rangers , Patrice Bergeron 31 (Jakob Silfverberg 46, Alex Tanguay 22) at 13:37
Penalties :
Ryan Suter (NYR) for Fighting (Major) at 0:11, Alexander Ovechkin (Nas) for Fighting (Major) at 0:11, Ryan Kesler (Nas) for Holding (Minor) at 1:26, Alex Tanguay (NYR) for Interference (Minor) at 8:48, Alexander Edler (Nas) for Elbowing (Minor) at 14:43
3rd period
8. Rangers , Ryan Suter 5 (Stephen Weiss 19, Chris Bourque 12) at 13:47 (PP)
9. Rangers , James Neal 19 (Stephen Weiss 20, Chris Bourque 13) at 14:23
Penalties :
Niclas Bergfors (Nas) for Roughing (Minor) at 3:08, Mark Fistric (NYR) for Hooking (Minor) at 9:18, Mikael Granlund (Nas) for Delaying the game (Minor) at 13:01, Magnus Paajarvi-Svensson (NYR) for Delaying the game (Minor) at 16:41, Niclas Bergfors (Nas) for Hooking (Minor) at 19:48
Goalie Stats
Viktor Fasth (Nas), 33 saves from 36 shots - (0.917), W, 32-18-4, 60:00 minutes
Frederik Andersen (NYR), 9 saves from 13 shots - (0.692), L, 23-21-5, 19:45 minutes
Braden Holtby (NYR), 16 saves from 18 shots - (0.889), 40:15 minutes
Players Stats for Predators
Player Name G A P +/- PIM S H SB GA TA FO MP PP MP PK MP
------------------------------------------------------------------------------------
Adam Burish 0 0 0 0 0 0 0 1 0 0 0/1 14:38 0:00 5:18
Alexander Edler 0 0 0 -1 2 3 1 2 0 2 0/0 27:57 2:50 4:39
Alexander Ovechkin 1 2 3 2 5 2 1 0 0 0 1/4 20:01 2:40 0:53
Alexander Steen 0 0 0 0 0 1 0 0 0 0 0/0 10:48 0:00 0:12
Andy Miele 0 1 1 0 0 0 2 0 0 0 7/16 14:27 0:00 5:07
Byron Bitz 1 2 3 1 0 4 0 1 1 0 0/0 17:17 1:56 2:30
Chris Lawrence 0 0 0 0 0 1 1 0 1 0 0/0 6:22 0:00 0:00
Dmitri Kalinin 0 0 0 1 0 0 0 0 0 0 0/0 12:46 0:00 1:10
James Van Riemsdyk 0 2 2 1 0 1 0 0 0 0 0/0 16:16 1:56 0:00
John Moore 0 1 1 3 0 0 0 0 0 1 0/0 19:22 1:46 3:04
Justin Abdelkader 0 0 0 0 0 0 0 2 1 0 1/1 6:15 0:00 1:18
Mikael Granlund 1 1 2 1 2 4 0 0 1 0 7/15 14:39 1:56 0:00
Nate Schmidt 0 0 0 2 0 1 4 0 0 0 0/0 15:09 0:00 2:37
Niclas Bergfors 1 2 3 2 4 5 3 0 0 0 0/4 20:38 2:40 0:00
Ryan Kesler 1 1 2 2 4 3 3 0 0 0 17/35 21:56 2:40 1:13
Ryan Mcdonagh 1 0 1 -1 0 5 2 1 2 0 0/0 28:50 2:50 5:37
Ryan Murray 0 0 0 2 0 0 1 0 2 1 0/0 16:01 1:46 0:39
Scott Laughton 0 0 0 0 0 1 1 0 0 0 1/2 7:38 0:00 1:15
Players Stats for Rangers
Player Name G A P +/- PIM S H SB GA TA FO MP PP MP PK MP
------------------------------------------------------------------------------------
Alex Tanguay 0 1 1 0 2 1 1 0 1 0 0/1 21:08 4:43 1:27
Alexei Emelin 0 0 0 -1 0 1 2 1 0 1 0/0 20:02 3:50 1:23
Artem Anisimov 0 0 0 0 0 0 0 1 0 0 1/1 5:05 0:00 0:00
Cam Barker 0 0 0 -1 0 2 0 1 1 2 0/0 31:24 5:09 3:13
Chris Bourque 0 2 2 -2 0 4 2 0 0 0 1/1 19:15 4:10 0:09
Gustav Nyquist 0 0 0 0 0 0 1 0 0 0 0/0 6:16 0:00 0:45
Jakob Silfverberg 0 1 1 0 0 4 0 0 0 0 3/4 22:17 4:43 2:57
James Neal 1 0 1 -2 0 5 2 1 1 1 0/0 19:52 4:10 0:46
Magnus Paajarvi-Svensson 0 0 0 -1 2 4 0 0 1 1 0/0 11:30 0:00 0:00
Mark Fistric 0 0 0 -1 2 0 0 4 0 0 0/0 29:35 5:22 1:55
Matt Delahey 0 0 0 -1 0 1 0 0 0 0 0/0 10:33 0:00 1:17
Matt Read 0 0 0 -1 0 3 0 0 0 0 0/1 11:27 0:00 0:00
Maxime Sauvé 0 0 0 0 0 0 0 0 0 0 0/0 2:00 0:00 0:00
Patrice Bergeron 1 0 1 0 0 5 5 0 0 1 21/43 25:24 4:43 2:59
Patrik Nemeth 0 0 0 -1 0 1 2 0 0 0 0/0 10:12 0:36 0:00
Ryan Suter 1 0 1 -1 5 1 1 0 0 1 0/0 18:38 2:49 1:24
Sean Couturier 0 0 0 -1 0 2 2 0 0 0 7/10 11:36 0:00 0:09
Stephen Weiss 0 2 2 -2 0 2 3 0 0 1 11/17 19:06 4:10 0:00
3 Stars
1 - Byron Bitz (Nas)
2 - Niclas Bergfors (Nas)
3 - Alexander Ovechkin (Nas)
Power Play
Predators - 1 on 3 Attempt(s) - 33.33%
Rangers - 1 on 6 Attempt(s) - 16.67%
Penalty Kill
Predators - 5 on 6 Attempt(s) - 83.33%
- Score 0 goal in Penalty Kill
Rangers - 2 on 3 Attempt(s) - 66.67%
- Score 0 goal in Penalty Kill
Team Stat
Predators - Hits : 19 - Faceoff Wins : 34 - Blocked Shots : 7 - Penalty Minutes : 17
Rangers - Hits : 21 - Faceoff Wins : 44 - Blocked Shots : 8 - Penalty Minutes : 11
Official
Referees : Unknown
Linesman : Unknown
Game Notes
Braden Holtby enters game at 19:45 of 1st period
Ryan Suter and Alexander Ovechkin fight to a draw at 0:11 of 2nd period
Justin Abdelkader is injured at 8:29 of 2nd period (Left Knee)
Finance
Level 1 -- Attendance: 4958 (82.63%) -- Ticket Income $471,010
Level 2 -- Attendance: 3363 (67.26%) -- Ticket Income $201,780
Level 3 -- Attendance: 1950 (97.50%) -- Ticket Income $68,250
Level 4 -- Attendance: 4000 (100.00%) -- Ticket Income $100,000
Luxury Box -- Attendance: 689 (68.90%) -- Ticket Income $124,020
Game was played at the Madison Square Garden.
Total Attendance: 14960 (83.11%)
Total Ticket Income: $965,060
Other Income: $144,759
Total Income: $1,109,819
Predators
5 vs 5 Forward
Center Left Wing Right Wing Time % Phy DF OF
1 Ryan Kesler Alexander Ovechkin Niclas Bergfors 40 1 2 2
2 Mikael Granlund James Van Riemsdyk Byron Bitz 30 1 2 2
3 Andy Miele Justin Abdelkader Adam Burish 20 1 2 2
4 Scott Laughton Alexander Steen Chris Lawrence 10 1 2 2
5 vs 5 Defense
Defense Defense Time % Phy DF OF
1 Ryan Mcdonagh Alexander Edler 40 1 2 2
2 John Moore Ryan Murray 30 1 2 2
3 Nate Schmidt Dmitri Kalinin 20 1 2 2
4 Ryan Mcdonagh Alexander Edler 10 1 2 2
PowerPlay Forward
Center Left Wing Right Wing Time % Phy DF OF
1 Ryan Kesler Alexander Ovechkin Niclas Bergfors 60 1 1 3
2 Mikael Granlund James Van Riemsdyk Byron Bitz 40 1 1 3
PowerPlay Defense
Defense Defense Time % Phy DF OF
1 Ryan Mcdonagh Alexander Edler 51 1 1 3
2 John Moore Ryan Murray 49 1 1 3
Penalty Kill 4 Players Forward
Center Wing Time % Phy DF OF
1 Andy Miele Adam Burish 60 1 2 2
2 Ryan Kesler Byron Bitz 40 1 2 2
Penalty Kill 4 Players Defense
Defense Defense Time % Phy DF OF
1 Ryan Mcdonagh Alexander Edler 60 1 2 2
2 John Moore Nate Schmidt 40 1 2 2
Penalty Kill - 3 Players Forward
Forward Time % Phy DF OF
1 Adam Burish 60 1 2 2
2 Byron Bitz 40 1 2 2
Penalty Kill - 3 Players Defense
Defense Defense Time % Phy DF OF
1 Ryan Mcdonagh Alexander Edler 60 1 2 2
2 John Moore Nate Schmidt 40 1 2 2
4 vs 4 Forward
Center Wing Time % Phy DF OF
1 Andy Miele Alexander Ovechkin 60 1 2 2
2 Ryan Kesler Niclas Bergfors 40 1 2 2
4 vs 4 Defense
Defense Defense Time % Phy DF OF
1 Ryan Mcdonagh Alexander Edler 60 1 2 2
2 John Moore Ryan Murray 40 1 2 2
Last Minutes Offensive
Center Left Wing Right Wing Defense Defense
Mikael Granlund Alexander Ovechkin Niclas Bergfors Ryan Mcdonagh Alexander Edler
Last Minutes Defensive
Center Left Wing Right Wing Defense Defense
Ryan Kesler Alexander Ovechkin Byron Bitz Ryan Mcdonagh Alexander Edler
Goaltenders
Starting : Viktor Fasth
Backup : Chad Johnson
Extra Forwards
Normal : Alexander Steen, James Van Riemsdyk, Justin Abdelkader - PP : Alexander Steen, Justin Abdelkader - PK : Justin Abdelkader
Extra Defensemen
Normal : Nate Schmidt, Ryan Murray, John Moore - PP : Dmitri Kalinin - PK : John Moore, Dmitri Kalinin
Penalty Shots
Alexander Ovechkin, Niclas Bergfors, Ryan Kesler, Andy Miele, Justin Abdelkader
Scratches
Barret Jackman (Healthy), Brendan Gallagher (Left Wrist Injury), Michal Rozsival (Right Foot Injury)
Rangers
5 vs 5 Forward
Center Left Wing Right Wing Time % Phy DF OF
1 Patrice Bergeron Alex Tanguay Jakob Silfverberg 40 1 2 2
2 Stephen Weiss Chris Bourque James Neal 30 1 2 2
3 Sean Couturier Magnus Paajarvi-Svensson Matt Read 20 1 2 2
4 Artem Anisimov Patrice Bergeron Gustav Nyquist 10 1 2 2
5 vs 5 Defense
Defense Defense Time % Phy DF OF
1 Cam Barker Mark Fistric 40 1 2 2
2 Ryan Suter Alexei Emelin 30 1 2 2
3 Patrik Nemeth Matt Delahey 20 1 2 2
4 Cam Barker Mark Fistric 10 1 2 2
PowerPlay Forward
Center Left Wing Right Wing Time % Phy DF OF
1 Patrice Bergeron Alex Tanguay Jakob Silfverberg 60 1 2 2
2 Stephen Weiss Chris Bourque James Neal 40 1 2 2
PowerPlay Defense
Defense Defense Time % Phy DF OF
1 Cam Barker Mark Fistric 60 1 2 2
2 Ryan Suter Alexei Emelin 40 1 2 2
Penalty Kill 4 Players Forward
Center Wing Time % Phy DF OF
1 Patrice Bergeron Jakob Silfverberg 60 1 2 2
2 James Neal Alex Tanguay 40 1 2 2
Penalty Kill 4 Players Defense
Defense Defense Time % Phy DF OF
1 Cam Barker Mark Fistric 60 1 2 2
2 Ryan Suter Alexei Emelin 40 1 2 2
Penalty Kill - 3 Players Forward
Forward Time % Phy DF OF
1 Patrice Bergeron 60 1 2 2
2 Jakob Silfverberg 40 1 2 2
Penalty Kill - 3 Players Defense
Defense Defense Time % Phy DF OF
1 Cam Barker Mark Fistric 60 1 2 2
2 Ryan Suter Alexei Emelin 40 1 2 2
4 vs 4 Forward
Center Wing Time % Phy DF OF
1 Patrice Bergeron Jakob Silfverberg 60 1 2 2
2 James Neal Alex Tanguay 40 1 2 2
4 vs 4 Defense
Defense Defense Time % Phy DF OF
1 Cam Barker Mark Fistric 60 1 2 2
2 Ryan Suter Alexei Emelin 40 1 2 2
Last Minutes Offensive
Center Left Wing Right Wing Defense Defense
Patrice Bergeron Alex Tanguay Jakob Silfverberg Cam Barker Mark Fistric
Last Minutes Defensive
Center Left Wing Right Wing Defense Defense
Patrice Bergeron Alex Tanguay Jakob Silfverberg Cam Barker Mark Fistric
Goaltenders
Starting : Frederik Andersen
Backup : Braden Holtby
Extra Forwards
Normal : Maxime Sauvé, Matt Read, Gustav Nyquist - PP : Maxime Sauvé, Matt Read - PK : Gustav Nyquist
Extra Defensemen
Normal : Patrik Nemeth, Matt Delahey, Ryan Suter - PP : Patrik Nemeth - PK : Matt Delahey, Ryan Suter
Penalty Shots
Patrice Bergeron, Jakob Silfverberg, James Neal, Alex Tanguay, Stephen Weiss
Scratches
Matt Greene (Left Eye Injury), Devante Smith-Pelly (Healthy), Milan Lucic (Bruised Right Leg Injury), Colten Teubert (Upper Body Injury)
% Time on Ice - Predators
Lines # - Real PCT - Wanted PCT - Time Play
Normal Forward
1 - 39% - 40% - 18:00
2 - 28% - 30% - 12:51
3 - 20% - 20% - 9:18
4 - 14% - 10% - 6:22
Normal Defense
1 - 40% - 40% - 18:34
2 - 32% - 30% - 14:52
3 - 24% - 20% - 11:16
4 - 4% - 10% - 1:49
PP Forward
1 - 58% - 60% - 2:40
2 - 42% - 40% - 1:56
PP Defense
1 - 62% - 51% - 2:50
2 - 38% - 49% - 1:46
PK Forward
1 - 72% - 60% - 6:23
2 - 28% - 40% - 2:30
PK Defense
1 - 71% - 60% - 6:16
2 - 29% - 40% - 2:37
PK3 Forward
1 - 0% - 60%
2 - 0% - 40%
PK3 Defense
1 - 0% - 60%
2 - 0% - 40%
44 Forward
1 - 0% - 60%
2 - 0% - 40%
44 Defense
1 - 0% - 60%
2 - 0% - 40%
Last Minute Offensive - 0:00
Last Minute Defensive - 0:00
Total
Forward - 60:00
Defense - 60:00
|
% Time on Ice - Rangers
Lines # - Real PCT - Wanted PCT - Time Play
Normal Forward
1 - 32% - 40% - 15:03
2 - 32% - 30% - 14:56
3 - 25% - 20% - 11:27
4 - 11% - 10% - 5:05
Normal Defense
1 - 43% - 40% - 19:51
2 - 32% - 30% - 14:49
3 - 20% - 20% - 9:16
4 - 6% - 10% - 2:35
PP Forward
1 - 53% - 60% - 4:43
2 - 47% - 40% - 4:10
PP Defense
1 - 57% - 60% - 5:03
2 - 43% - 40% - 3:50
PK Forward
1 - 83% - 60% - 3:50
2 - 17% - 40% - 0:46
PK Defense
1 - 70% - 60% - 3:13
2 - 30% - 40% - 1:23
PK3 Forward
1 - 0% - 60%
2 - 0% - 40%
PK3 Defense
1 - 0% - 60%
2 - 0% - 40%
44 Forward
1 - 0% - 60%
2 - 0% - 40%
44 Defense
1 - 0% - 60%
2 - 0% - 40%
Last Minute Offensive - 0:00
Last Minute Defensive - 0:00
Total
Forward - 60:00
Defense - 60:00
|
Play-by-Play
1st period
0:01 of 1st period - Ryan Kesler wins face-off versus Alex Tanguay in neutral zone.
0:49 of 1st period - Slapshot by Alexander Edler.
0:49 of 1st period - Shot Blocked by Alexei Emelin.
1:08 of 1st period - Off-side.
1:09 of 1st period - Artem Anisimov wins face-off versus Scott Laughton in neutral zone.
1:39 of 1st period - Snap shot by Scott Laughton.
1:39 of 1st period - Stopped by Frederik Andersen without a rebound.
1:40 of 1st period - Ryan Kesler wins face-off versus Stephen Weiss in Rangers zone.
1:49 of 1st period - Wrist shot by Chris Bourque.
1:49 of 1st period - Stopped by Viktor Fasth without a rebound.
1:50 of 1st period - Stephen Weiss wins face-off versus Alexander Ovechkin in Predators zone.
2:38 of 1st period - Wrist shot by Alexander Ovechkin.
2:38 of 1st period - Shot Misses the Net.
2:40 of 1st period - Snap shot by Nate Schmidt.
2:40 of 1st period - Shot Misses the Net.
2:55 of 1st period - Icing by Mark Fistric.
2:56 of 1st period - Stephen Weiss wins face-off versus Mikael Granlund in Rangers zone.
3:09 of 1st period - Slapshot by James Neal.
3:09 of 1st period - Stopped by Viktor Fasth without a rebound.
3:10 of 1st period - Patrice Bergeron wins face-off versus Mikael Granlund in Predators zone.
3:15 of 1st period - Wrist shot by Jakob Silfverberg.
3:15 of 1st period - Shot Misses the Net.
3:40 of 1st period - Wrist shot by Sean Couturier.
3:40 of 1st period - Stopped by Viktor Fasth with a rebound.
5:34 of 1st period - Snap shot by Niclas Bergfors.
5:34 of 1st period - Stopped by Frederik Andersen with a rebound.
5:36 of 1st period - Slapshot by Ryan Mcdonagh.
5:36 of 1st period - Stopped by Frederik Andersen without a rebound.
5:37 of 1st period - Sean Couturier wins face-off versus Mikael Granlund in Rangers zone.
5:47 of 1st period - Wrist shot by Sean Couturier.
5:47 of 1st period - Shot Misses the Net.
5:49 of 1st period - Snap shot by Magnus Paajarvi-Svensson.
5:49 of 1st period - Stopped by Viktor Fasth with a rebound.
5:51 of 1st period - Slapshot by Ryan Suter.
5:51 of 1st period - Deflect By Magnus Paajarvi-Svensson.
5:51 of 1st period - Shot Misses the Net.
5:51 of 1st period - Puck is out of play.
5:52 of 1st period - Chris Bourque wins face-off versus Alexander Ovechkin in Predators zone.
5:59 of 1st period - Wrist shot by James Neal.
5:59 of 1st period - Shot Hit the Post.
6:01 of 1st period - Slapshot by Ryan Suter.
6:01 of 1st period - Shot Misses the Net.
6:03 of 1st period - Slapshot by James Neal.
6:03 of 1st period - Stopped by Viktor Fasth without a rebound.
6:04 of 1st period - Sean Couturier wins face-off versus Andy Miele in Predators zone.
6:29 of 1st period - Alexander Edler is hit by Stephen Weiss and loses puck.
6:36 of 1st period - Snap shot by Byron Bitz.
6:36 of 1st period - Deflect By Mikael Granlund.
6:36 of 1st period - Shot Misses the Net.
6:36 of 1st period - Puck is out of play.
6:37 of 1st period - Patrice Bergeron wins face-off versus Niclas Bergfors in Rangers zone.
6:44 of 1st period - Alex Tanguay is hit by Niclas Bergfors and loses puck.
7:24 of 1st period - Matt Read is hit by Ryan Mcdonagh and loses puck.
8:09 of 1st period - Snap shot by James Neal.
8:09 of 1st period - Shot Misses the Net.
8:11 of 1st period - Snap shot by Cam Barker.
8:11 of 1st period - Shot Misses the Net.
8:15 of 1st period - Slapshot by James Neal.
8:15 of 1st period - Stopped by Viktor Fasth without a rebound.
8:16 of 1st period - Stephen Weiss wins face-off versus Mikael Granlund in Predators zone.
8:23 of 1st period - Wrist shot by Chris Bourque.
8:23 of 1st period - Shot Misses the Net.
9:04 of 1st period - Slapshot by Sean Couturier.
9:04 of 1st period - Shot Misses the Net.
9:06 of 1st period - Slapshot by Matt Delahey.
9:06 of 1st period - Shot Blocked by Adam Burish.
9:08 of 1st period - Slapshot by Matt Delahey.
9:08 of 1st period - Shot Misses the Net.
9:10 of 1st period - Slapshot by Matt Delahey.
9:10 of 1st period - Stopped by Viktor Fasth without a rebound.
9:11 of 1st period - Patrice Bergeron wins face-off versus Mikael Granlund in Predators zone.
9:46 of 1st period - Wrist shot by Matt Read.
9:46 of 1st period - Shot Misses the Net.
10:00 of 1st period - James Neal is hit by Nate Schmidt and loses puck.
10:07 of 1st period - Wrist shot by Niclas Bergfors.
10:07 of 1st period - Shot Hit the Post.
10:09 of 1st period - Wrist shot by Niclas Bergfors.
10:09 of 1st period - Stopped by Frederik Andersen with a rebound.
10:11 of 1st period - Snap shot by Ryan Kesler.
10:11 of 1st period - Goal by Ryan Kesler - Predators : 1 - Rangers : 0.
10:12 of 1st period - Patrice Bergeron wins face-off versus Ryan Kesler in neutral zone.
10:15 of 1st period - Wrist shot by Patrice Bergeron.
10:15 of 1st period - Stopped by Viktor Fasth with a rebound.
10:41 of 1st period - Adam Burish is hit by Chris Bourque and loses puck.
11:54 of 1st period - Slapshot by Ryan Kesler.
11:54 of 1st period - Shot Hit the Post.
12:03 of 1st period - Off-side.
12:04 of 1st period - Andy Miele wins face-off versus Sean Couturier in neutral zone.
12:41 of 1st period - Minor Penalty to Ryan Kesler for Holding.
12:42 of 1st period - Andy Miele wins face-off versus Patrice Bergeron in Predators zone.
13:09 of 1st period - Adam Burish is hit by Patrice Bergeron and loses puck.
13:18 of 1st period - Snap shot by Jakob Silfverberg.
13:18 of 1st period - Stopped by Viktor Fasth with a rebound.
13:20 of 1st period - Snap shot by Jakob Silfverberg.
13:20 of 1st period - Shot Blocked by Alexander Edler.
13:22 of 1st period - Snap shot by Alex Tanguay.
13:22 of 1st period - Deflect By Jakob Silfverberg.
13:22 of 1st period - Shot Misses the Net.
13:22 of 1st period - Puck is out of play.
13:23 of 1st period - Stephen Weiss wins face-off versus Andy Miele in Predators zone.
13:36 of 1st period - Wrist shot by Chris Bourque.
13:36 of 1st period - Stopped by Viktor Fasth without a rebound.
13:37 of 1st period - Justin Abdelkader wins face-off versus Stephen Weiss in Predators zone.
14:20 of 1st period - John Moore is hit by Patrice Bergeron and loses puck.
14:41 of 1st period - Penalty to Ryan Kesler is over, Ryan Kesler is back on ice.
14:44 of 1st period - Icing by Byron Bitz.
14:45 of 1st period - Ryan Kesler wins face-off versus Matt Read in Predators zone.
14:45 of 1st period - Ryan Kesler is hit by Sean Couturier.
14:53 of 1st period - Slapshot by Niclas Bergfors.
14:53 of 1st period - Goal by Niclas Bergfors - Predators : 2 - Rangers : 0.
14:54 of 1st period - Patrice Bergeron wins face-off versus Ryan Kesler in neutral zone.
14:57 of 1st period - Ryan Kesler is hit by Alex Tanguay and loses puck.
15:27 of 1st period - Ryan Murray is hit by Stephen Weiss and loses puck.
15:46 of 1st period - Slapshot by Matt Read.
15:46 of 1st period - Shot Misses the Net.
16:00 of 1st period - Slapshot by John Moore.
16:00 of 1st period - Shot Blocked by Artem Anisimov.
16:30 of 1st period - Snap shot by Ryan Kesler.
16:30 of 1st period - Shot Misses the Net.
17:10 of 1st period - Snap shot by James Neal.
17:10 of 1st period - Stopped by Viktor Fasth with a rebound.
17:20 of 1st period - Snap shot by Mikael Granlund.
17:20 of 1st period - Stopped by Frederik Andersen with a rebound.
17:22 of 1st period - Slapshot by Mikael Granlund.
17:22 of 1st period - Stopped by Frederik Andersen with a rebound.
17:26 of 1st period - Snap shot by Alexander Edler.
17:26 of 1st period - Stopped by Frederik Andersen with a rebound.
17:32 of 1st period - Snap shot by Mikael Granlund.
17:32 of 1st period - Shot Misses the Net.
17:50 of 1st period - Wrist shot by James Van Riemsdyk.
17:50 of 1st period - Shot Blocked by James Neal.
17:52 of 1st period - Snap shot by Byron Bitz.
17:52 of 1st period - Stopped by Frederik Andersen with a rebound.
17:54 of 1st period - Slapshot by James Van Riemsdyk.
17:54 of 1st period - Shot Misses the Net.
17:56 of 1st period - Snap shot by Byron Bitz.
17:56 of 1st period - Goal by Byron Bitz - Predators : 3 - Rangers : 0.
17:57 of 1st period - Patrice Bergeron wins face-off versus Ryan Kesler in neutral zone.
18:53 of 1st period - Gustav Nyquist is hit by Chris Lawrence and loses puck.
19:08 of 1st period - Snap shot by Scott Laughton.
19:08 of 1st period - Shot Misses the Net.
19:10 of 1st period - Slapshot by Nate Schmidt.
19:10 of 1st period - Deflect By Niclas Bergfors.
19:10 of 1st period - Stopped by Frederik Andersen without a rebound.
19:11 of 1st period - Jakob Silfverberg wins face-off versus Ryan Kesler in Rangers zone.
19:13 of 1st period - Icing by Alex Tanguay.
19:14 of 1st period - Patrice Bergeron wins face-off versus Ryan Kesler in Rangers zone.
19:45 of 1st period - Snap shot by Mikael Granlund.
19:45 of 1st period - Goal by Mikael Granlund - Predators : 4 - Rangers : 0.
19:45 of 1st period - Braden Holtby enters game.
19:46 of 1st period - Ryan Kesler wins face-off versus Patrice Bergeron in neutral zone.
Goals for this period are 4 for Predators vs 0 for Rangers.
Shots for this period are 13 for Predators vs 11 for Rangers.
2nd period
0:01 of 2nd period - Jakob Silfverberg wins face-off versus Ryan Kesler in neutral zone.
0:06 of 2nd period - Snap shot by Patrice Bergeron.
0:06 of 2nd period - Shot Misses the Net.
0:08 of 2nd period - Snap shot by Patrice Bergeron.
0:08 of 2nd period - Stopped by Viktor Fasth with a rebound.
0:10 of 2nd period - Slapshot by Jakob Silfverberg.
0:10 of 2nd period - Deflect By Ryan Kesler.
0:10 of 2nd period - Stopped by Viktor Fasth without a rebound.
0:11 of 2nd period - Patrice Bergeron wins face-off versus Alexander Ovechkin in Predators zone.
0:11 of 2nd period - Ryan Suter and Alexander Ovechkin fight to a draw.
0:11 of 2nd period - Penalty to Ryan Suter for Fighting.
0:11 of 2nd period - Penalty to Alexander Ovechkin for Fighting.
0:12 of 2nd period - Patrice Bergeron wins face-off versus Ryan Kesler in Predators zone.
0:15 of 2nd period - Snap shot by Patrice Bergeron.
0:15 of 2nd period - Shot Blocked by Alexander Edler.
0:17 of 2nd period - Wrist shot by Patrice Bergeron.
0:17 of 2nd period - Shot Misses the Net.
0:25 of 2nd period - Slapshot by Ryan Mcdonagh.
0:25 of 2nd period - Stopped by Braden Holtby without a rebound.
0:26 of 2nd period - Ryan Kesler wins face-off versus Patrice Bergeron in Rangers zone.
0:33 of 2nd period - Snap shot by Ryan Kesler.
0:33 of 2nd period - Stopped by Braden Holtby with a rebound.
0:35 of 2nd period - Wrist shot by Ryan Kesler.
0:35 of 2nd period - Stopped by Braden Holtby with a rebound.
0:37 of 2nd period - Slapshot by Alexander Edler.
0:37 of 2nd period - Shot Misses the Net.
1:16 of 2nd period - Slapshot by Magnus Paajarvi-Svensson.
1:16 of 2nd period - Stopped by Viktor Fasth with a rebound.
1:18 of 2nd period - Snap shot by Matt Read.
1:18 of 2nd period - Shot Blocked by Byron Bitz.
1:20 of 2nd period - Slapshot by Cam Barker.
1:20 of 2nd period - Stopped by Viktor Fasth without a rebound.
1:21 of 2nd period - Patrice Bergeron wins face-off versus Ryan Kesler in Predators zone.
1:24 of 2nd period - Wrist shot by Alex Tanguay.
1:24 of 2nd period - Stopped by Viktor Fasth with a rebound.
1:26 of 2nd period - Minor Penalty to Ryan Kesler for Holding.
1:27 of 2nd period - Andy Miele wins face-off versus Patrice Bergeron in Predators zone.
3:26 of 2nd period - Penalty to Ryan Kesler is over, Ryan Kesler is back on ice.
3:37 of 2nd period - Off-side.
3:38 of 2nd period - Sean Couturier wins face-off versus Ryan Kesler in neutral zone.
4:05 of 2nd period - Chris Lawrence is hit by Patrik Nemeth and loses puck.
4:22 of 2nd period - Snap shot by Stephen Weiss.
4:22 of 2nd period - Deflect By Chris Bourque.
4:22 of 2nd period - Shot Blocked by Justin Abdelkader.
4:22 of 2nd period - Puck is out of play.
4:23 of 2nd period - Stephen Weiss wins face-off versus Adam Burish in Predators zone.
4:30 of 2nd period - Snap shot by Stephen Weiss.
4:30 of 2nd period - Stopped by Viktor Fasth with a rebound.
5:02 of 2nd period - Icing by Ryan Kesler.
5:03 of 2nd period - Mikael Granlund wins face-off versus Sean Couturier in Predators zone.
5:03 of 2nd period - Mikael Granlund is hit by Sean Couturier.
5:16 of 2nd period - Snap shot by James Van Riemsdyk.
5:16 of 2nd period - Stopped by Braden Holtby without a rebound.
5:17 of 2nd period - Ryan Kesler wins face-off versus Patrice Bergeron in Rangers zone.
5:34 of 2nd period - Jakob Silfverberg is hit by Ryan Kesler.
5:54 of 2nd period - Snap shot by Stephen Weiss.
5:54 of 2nd period - Stopped by Viktor Fasth with a rebound.
6:03 of 2nd period - Off-side.
6:04 of 2nd period - Andy Miele wins face-off versus Sean Couturier in neutral zone.
6:29 of 2nd period - Jakob Silfverberg is hit by Ryan Kesler.
7:00 of 2nd period - Slapshot by Alexander Ovechkin.
7:00 of 2nd period - Shot Misses the Net.
7:02 of 2nd period - Backhand shot by John Moore.
7:02 of 2nd period - Shot Misses the Net.
7:04 of 2nd period - Snap shot by John Moore.
7:04 of 2nd period - Shot Blocked by Mark Fistric.
7:06 of 2nd period - Snap shot by John Moore.
7:06 of 2nd period - Shot Blocked by Mark Fistric.
7:08 of 2nd period - Slapshot by Alexander Ovechkin.
7:08 of 2nd period - Goal by Alexander Ovechkin - Predators : 5 - Rangers : 0.
7:09 of 2nd period - Mikael Granlund wins face-off versus Patrice Bergeron in neutral zone.
7:20 of 2nd period - Wrist shot by Patrice Bergeron.
7:20 of 2nd period - Stopped by Viktor Fasth without a rebound.
7:21 of 2nd period - Alexander Ovechkin wins face-off versus Patrice Bergeron in Predators zone.
7:33 of 2nd period - Cam Barker is hit by Niclas Bergfors and loses puck.
8:11 of 2nd period - Slapshot by Alexander Edler.
8:11 of 2nd period - Stopped by Braden Holtby without a rebound.
8:12 of 2nd period - Patrice Bergeron wins face-off versus Andy Miele in Rangers zone.
8:29 of 2nd period - Snap shot by Jakob Silfverberg.
8:29 of 2nd period - Shot Blocked by Justin Abdelkader.
8:29 of 2nd period - Justin Abdelkader from Predators is injured at 8:29 of 2nd period (Left Knee).
8:30 of 2nd period - Ryan Kesler wins face-off versus Patrice Bergeron in Predators zone.
8:39 of 2nd period - Snap shot by Alexander Ovechkin.
8:39 of 2nd period - Shot Blocked by Mark Fistric.
8:48 of 2nd period - Minor Penalty to Alex Tanguay for Interference.
8:49 of 2nd period - Patrice Bergeron wins face-off versus Niclas Bergfors in Rangers zone.
9:24 of 2nd period - Snap shot by James Van Riemsdyk.
9:24 of 2nd period - Shot Misses the Net.
9:26 of 2nd period - Slapshot by Ryan Mcdonagh.
9:26 of 2nd period - Deflect By Cam Barker.
9:26 of 2nd period - Goal by Ryan Mcdonagh - Predators : 6 - Rangers : 0.
9:27 of 2nd period - Stephen Weiss wins face-off versus Mikael Granlund in neutral zone.
11:12 of 2nd period - Ryan Suter is hit by Scott Laughton and loses puck.
11:33 of 2nd period - Ryan Mcdonagh is hit by Ryan Suter and loses puck.
12:10 of 2nd period - Icing by Mark Fistric.
12:11 of 2nd period - Scott Laughton wins face-off versus Stephen Weiss in Rangers zone.
13:19 of 2nd period - Slapshot by Nate Schmidt.
13:19 of 2nd period - Shot Hit the Post.
13:21 of 2nd period - Slapshot by Nate Schmidt.
13:21 of 2nd period - Stopped by Braden Holtby without a rebound.
13:22 of 2nd period - Ryan Kesler wins face-off versus Patrice Bergeron in Rangers zone.
13:37 of 2nd period - Wrist shot by Patrice Bergeron.
13:37 of 2nd period - Goal by Patrice Bergeron - Predators : 6 - Rangers : 1.
13:38 of 2nd period - Ryan Kesler wins face-off versus Patrice Bergeron in neutral zone.
13:43 of 2nd period - Jakob Silfverberg is hit by Ryan Kesler and loses puck.
14:14 of 2nd period - Slapshot by Alexander Edler.
14:14 of 2nd period - Stopped by Braden Holtby without a rebound.
14:15 of 2nd period - Mikael Granlund wins face-off versus Patrice Bergeron in Rangers zone.
14:24 of 2nd period - Snap shot by Patrice Bergeron.
14:24 of 2nd period - Stopped by Viktor Fasth without a rebound.
14:25 of 2nd period - Mikael Granlund wins face-off versus Patrice Bergeron in Predators zone.
14:32 of 2nd period - Wrist shot by Byron Bitz.
14:32 of 2nd period - Stopped by Braden Holtby without a rebound.
14:33 of 2nd period - Ryan Kesler wins face-off versus Patrice Bergeron in Rangers zone.
14:34 of 2nd period - Snap shot by Alexander Ovechkin.
14:34 of 2nd period - Shot Blocked by Mark Fistric.
14:43 of 2nd period - Minor Penalty to Alexander Edler for Elbowing.
14:44 of 2nd period - Andy Miele wins face-off versus Patrice Bergeron in Predators zone.
15:20 of 2nd period - Wrist shot by Chris Bourque.
15:20 of 2nd period - Stopped by Viktor Fasth with a rebound.
15:48 of 2nd period - John Moore is hit by Alexei Emelin.
16:43 of 2nd period - Penalty to Alexander Edler is over, Alexander Edler is back on ice.
17:00 of 2nd period - Slapshot by Magnus Paajarvi-Svensson.
17:00 of 2nd period - Stopped by Viktor Fasth with a rebound.
17:02 of 2nd period - Slapshot by Mark Fistric.
17:02 of 2nd period - Shot Misses the Net.
17:12 of 2nd period - Patrik Nemeth is hit by Alexander Ovechkin and loses puck.
17:29 of 2nd period - Wrist shot by Chris Lawrence.
17:29 of 2nd period - Deflect By Alex Tanguay.
17:29 of 2nd period - Stopped by Braden Holtby with a rebound.
17:31 of 2nd period - Slapshot by Alexander Steen.
17:31 of 2nd period - Stopped by Braden Holtby with a rebound.
17:43 of 2nd period - Matt Delahey is hit by Andy Miele and loses puck.
18:16 of 2nd period - Wrist shot by Ryan Kesler.
18:16 of 2nd period - Shot Misses the Net.
18:18 of 2nd period - Snap shot by Ryan Mcdonagh.
18:18 of 2nd period - Stopped by Braden Holtby with a rebound.
19:07 of 2nd period - Mark Fistric is hit by Nate Schmidt and loses puck.
19:36 of 2nd period - Icing by Niclas Bergfors.
19:37 of 2nd period - Stephen Weiss wins face-off versus Niclas Bergfors in Predators zone.
Goals for this period are 2 for Predators vs 1 for Rangers.
Shots for this period are 13 for Predators vs 12 for Rangers.
3rd period
0:01 of 3rd period - Ryan Kesler wins face-off versus Patrice Bergeron in neutral zone.
0:49 of 3rd period - Snap shot by Magnus Paajarvi-Svensson.
0:49 of 3rd period - Deflect By Alexander Steen.
0:49 of 3rd period - Stopped by Viktor Fasth with a rebound.
0:51 of 3rd period - Slapshot by Ryan Suter.
0:51 of 3rd period - Deflect By Matt Read.
0:51 of 3rd period - Stopped by Viktor Fasth without a rebound.
0:52 of 3rd period - Sean Couturier wins face-off versus Andy Miele in Predators zone.
1:11 of 3rd period - Icing by Alexei Emelin.
1:12 of 3rd period - Sean Couturier wins face-off versus Ryan Kesler in Rangers zone.
1:17 of 3rd period - Ryan Kesler is hit by Alexei Emelin and loses puck.
1:28 of 3rd period - Snap shot by Matt Read.
1:28 of 3rd period - Shot Hit the Post.
1:30 of 3rd period - Wrist shot by Matt Read.
1:30 of 3rd period - Stopped by Viktor Fasth without a rebound.
1:31 of 3rd period - Mikael Granlund wins face-off versus Patrice Bergeron in Predators zone.
1:42 of 3rd period - Snap shot by Jakob Silfverberg.
1:42 of 3rd period - Shot Misses the Net.
1:44 of 3rd period - Slapshot by Cam Barker.
1:44 of 3rd period - Stopped by Viktor Fasth without a rebound.
1:45 of 3rd period - Ryan Kesler wins face-off versus Patrice Bergeron in Predators zone.
1:45 of 3rd period - Niclas Bergfors is hit by Patrice Bergeron and loses puck.
2:12 of 3rd period - James Neal is hit by Ryan Mcdonagh and loses puck.
2:41 of 3rd period - Cam Barker is hit by Andy Miele and loses puck.
2:58 of 3rd period - Snap shot by Sean Couturier.
2:58 of 3rd period - Stopped by Viktor Fasth without a rebound.
2:59 of 3rd period - Patrice Bergeron wins face-off versus Ryan Kesler in Predators zone.
3:04 of 3rd period - Snap shot by Jakob Silfverberg.
3:04 of 3rd period - Stopped by Viktor Fasth without a rebound.
3:05 of 3rd period - Patrice Bergeron wins face-off versus Ryan Kesler in Predators zone.
3:06 of 3rd period - Wrist shot by Jakob Silfverberg.
3:06 of 3rd period - Stopped by Viktor Fasth with a rebound.
3:08 of 3rd period - Minor Penalty to Niclas Bergfors for Roughing.
3:09 of 3rd period - Patrice Bergeron wins face-off versus Andy Miele in Predators zone.
4:50 of 3rd period - Alexander Edler is hit by Stephen Weiss and loses puck.
5:08 of 3rd period - Penalty to Niclas Bergfors is over, Niclas Bergfors is back on ice.
5:42 of 3rd period - Ryan Kesler is hit by Gustav Nyquist and loses puck.
5:53 of 3rd period - Backhand shot by Sean Couturier.
5:53 of 3rd period - Shot Misses the Net.
6:46 of 3rd period - Cam Barker is hit by Nate Schmidt and loses puck.
8:37 of 3rd period - Nate Schmidt is hit by Patrik Nemeth and loses puck.
8:48 of 3rd period - Snap shot by Byron Bitz.
8:48 of 3rd period - Stopped by Braden Holtby without a rebound.
8:49 of 3rd period - Stephen Weiss wins face-off versus Mikael Granlund in Rangers zone.
9:04 of 3rd period - Icing by Stephen Weiss.
9:05 of 3rd period - Ryan Kesler wins face-off versus Jakob Silfverberg in Rangers zone.
9:14 of 3rd period - Wrist shot by Niclas Bergfors.
9:14 of 3rd period - Stopped by Braden Holtby without a rebound.
9:15 of 3rd period - Ryan Kesler wins face-off versus Patrice Bergeron in Rangers zone.
9:16 of 3rd period - Snap shot by Alexander Ovechkin.
9:16 of 3rd period - Shot Misses the Net.
9:18 of 3rd period - Minor Penalty to Mark Fistric for Hooking.
9:19 of 3rd period - Patrice Bergeron wins face-off versus Ryan Kesler in Rangers zone.
9:53 of 3rd period - Slapshot by Ryan Mcdonagh.
9:53 of 3rd period - Stopped by Braden Holtby without a rebound.
9:54 of 3rd period - Jakob Silfverberg wins face-off versus Ryan Kesler in Rangers zone.
11:18 of 3rd period - Penalty to Mark Fistric is over, Mark Fistric is back on ice.
12:09 of 3rd period - Magnus Paajarvi-Svensson is hit by Nate Schmidt and loses puck.
12:44 of 3rd period - Wrist shot by Mikael Granlund.
12:44 of 3rd period - Stopped by Braden Holtby without a rebound.
12:45 of 3rd period - Mikael Granlund wins face-off versus Stephen Weiss in Rangers zone.
13:01 of 3rd period - Minor Penalty to Mikael Granlund for Delaying the game.
13:02 of 3rd period - Andy Miele wins face-off versus Patrice Bergeron in Predators zone.
13:39 of 3rd period - Wrist shot by Chris Bourque.
13:39 of 3rd period - Stopped by Viktor Fasth without a rebound.
13:40 of 3rd period - Stephen Weiss wins face-off versus Andy Miele in Predators zone.
13:43 of 3rd period - Snap shot by Chris Bourque.
13:43 of 3rd period - Shot Misses the Net.
13:45 of 3rd period - Slapshot by Stephen Weiss.
13:45 of 3rd period - Shot Misses the Net.
13:47 of 3rd period - Snap shot by Ryan Suter.
13:47 of 3rd period - Goal by Ryan Suter - Predators : 6 - Rangers : 2.
13:48 of 3rd period - Patrice Bergeron wins face-off versus Ryan Kesler in neutral zone.
13:48 of 3rd period - Patrice Bergeron is hit by Niclas Bergfors.
14:14 of 3rd period - Ryan Mcdonagh is hit by James Neal and loses puck.
14:23 of 3rd period - Snap shot by James Neal.
14:23 of 3rd period - Goal by James Neal - Predators : 6 - Rangers : 3.
14:24 of 3rd period - Patrice Bergeron wins face-off versus Ryan Kesler in neutral zone.
14:33 of 3rd period - Slapshot by Alexander Ovechkin.
14:33 of 3rd period - Shot Blocked by Cam Barker.
14:35 of 3rd period - Snap shot by Niclas Bergfors.
14:35 of 3rd period - Shot Misses the Net.
14:37 of 3rd period - Wrist shot by Ryan Mcdonagh.
14:37 of 3rd period - Shot Misses the Net.
14:48 of 3rd period - Icing by Cam Barker.
14:49 of 3rd period - Patrice Bergeron wins face-off versus Mikael Granlund in Rangers zone.
15:15 of 3rd period - Snap shot by Matt Read.
15:15 of 3rd period - Stopped by Viktor Fasth without a rebound.
15:16 of 3rd period - Sean Couturier wins face-off versus Niclas Bergfors in Predators zone.
15:19 of 3rd period - Slapshot by Sean Couturier.
15:19 of 3rd period - Deflect By Ryan Mcdonagh.
15:19 of 3rd period - Shot Blocked by Ryan Mcdonagh.
15:19 of 3rd period - Puck is out of play.
15:20 of 3rd period - Ryan Kesler wins face-off versus Patrice Bergeron in Predators zone.
15:36 of 3rd period - Alexander Ovechkin is hit by Patrice Bergeron and loses puck.
15:44 of 3rd period - Off-side.
15:45 of 3rd period - Mikael Granlund wins face-off versus Stephen Weiss in neutral zone.
15:50 of 3rd period - James Van Riemsdyk is hit by Chris Bourque and loses puck.
15:57 of 3rd period - Mikael Granlund is hit by James Neal and loses puck.
16:09 of 3rd period - Icing by James Neal.
16:10 of 3rd period - Stephen Weiss wins face-off versus Andy Miele in Rangers zone.
16:17 of 3rd period - Slapshot by Alexei Emelin.
16:17 of 3rd period - Deflect By Ryan Mcdonagh.
16:17 of 3rd period - Stopped by Viktor Fasth with a rebound.
16:37 of 3rd period - Snap shot by Alexander Ovechkin.
16:37 of 3rd period - Stopped by Braden Holtby without a rebound.
16:38 of 3rd period - Sean Couturier wins face-off versus Ryan Kesler in Rangers zone.
16:38 of 3rd period - Sean Couturier is hit by Ryan Murray.
16:41 of 3rd period - Minor Penalty to Magnus Paajarvi-Svensson for Delaying the game.
16:42 of 3rd period - Patrice Bergeron wins face-off versus Ryan Kesler in Rangers zone.
16:52 of 3rd period - Slapshot by John Moore.
16:52 of 3rd period - Deflect By Niclas Bergfors.
16:52 of 3rd period - Shot Misses the Net.
16:52 of 3rd period - Puck is out of play.
16:53 of 3rd period - Ryan Kesler wins face-off versus Patrice Bergeron in Rangers zone.
18:35 of 3rd period - John Moore is hit by Patrice Bergeron and loses puck.
18:41 of 3rd period - Penalty to Magnus Paajarvi-Svensson is over, Magnus Paajarvi-Svensson is back on ice.
18:50 of 3rd period - Slapshot by James Neal.
18:50 of 3rd period - Shot Misses the Net.
18:52 of 3rd period - Wrist shot by James Neal.
18:52 of 3rd period - Shot Misses the Net.
18:54 of 3rd period - Wrist shot by Stephen Weiss.
18:54 of 3rd period - Shot Misses the Net.
18:56 of 3rd period - Backhand shot by Patrik Nemeth.
18:56 of 3rd period - Stopped by Viktor Fasth without a rebound.
18:57 of 3rd period - Stephen Weiss wins face-off versus Andy Miele in Predators zone.
19:07 of 3rd period - Icing by Adam Burish.
19:08 of 3rd period - Andy Miele wins face-off versus Stephen Weiss in Predators zone.
19:13 of 3rd period - Ryan Suter is hit by Alexander Edler and loses puck.
19:24 of 3rd period - Snap shot by Alexander Steen.
19:24 of 3rd period - Deflect By Andy Miele.
19:24 of 3rd period - Shot Misses the Net.
19:24 of 3rd period - Puck is out of play.
19:25 of 3rd period - Ryan Kesler wins face-off versus Patrice Bergeron in Rangers zone.
19:48 of 3rd period - Minor Penalty to Niclas Bergfors for Hooking.
19:49 of 3rd period - Patrice Bergeron wins face-off versus Andy Miele in Predators zone.
19:56 of 3rd period - Wrist shot by Jakob Silfverberg.
19:56 of 3rd period - Shot Misses the Net.
19:58 of 3rd period - Slapshot by Mark Fistric.
19:58 of 3rd period - Shot Misses the Net.
Goals for this period are 0 for Predators vs 2 for Rangers.
Shots for this period are 5 for Predators vs 13 for Rangers.
Back to the Top